AoeStats
← Rafaelbdoo

MegaRandom

504948511Analyzed
1v1 RM · 27d ago on Sep 7, 2026· 65m 7s· 2 players
Game mode
Random Map
Map size
Tiny (2 player)
Population
200
Speed
Normal
Resources
Standard
Victory
Conquest
Starting age
Dark Age
Ending age
Imperial Age
RankedLock teamsTeams togetherTeam positionsShared explorationLock speedFull tech treeHidden civsTurbo modeCheats
Victory
Defeat
🇨🇱 Georgians · Chile
844
+13
🇧🇷 Spanish · Brazil
779
-31
Rafaelbdoo
5:22 Loom
15:17 Feudal Age
15:27 Man-at-Arms
22:38 Wheelbarrow
22:00 Double-Bit Axe
25:44 Castle Age
23:38 Gold Mining
23:42 Stone Mining
24:49 Fletching
27:30 Bow Saw
27:05 Horse Collar
26:57 Pikeman
31:12 Squires
33:35 Stone Shaft Mining
35:34 Inquisition
35:40 Inquisition
36:35 Medium Warships
38:53 Fervor
39:05 Sanctity
39:10 Thumb Ring
39:18 Bloodlines
39:09 Husbandry
43:55 Hand Cart
46:24 Heavy Plow
54:50 Imperial Age
56:05 Conscription
55:15 Elite Conquistador
56:11 Forging
56:02 Scale Mail Armor
58:12 Scale Barding Armor
58:58 Supremacy
58:33 Halberdier
Libertifer
11:14 Feudal Age
13:00 Man-at-Arms
13:53 Loom
17:13 Arson
18:04 Forging
20:48 Castle Age
21:54 Scale Barding Armor
21:42 Horse Collar
23:41 Double-Bit Axe
24:37 Wheelbarrow
26:09 Hand Cart
30:18 Bloodlines
30:33 Chain Barding Armor
33:24 Iron Casting
32:52 Husbandry
33:16 Town Watch
35:11 Town Patrol
37:42 Fletching
37:54 Heavy Plow
38:08 Bow Saw
37:50 Gold Mining
41:16 Imperial Age
41:47 Elite Monaspa
44:06 Conscription
45:01 Stone Mining
46:07 Plate Barding Armor
46:33 Blast Furnace
47:26 Bodkin Arrow
56:37 Devotion
59:15 Bracer
60:23 Faith
Connection lost

Rejoining the realm…

Still unreachable

The connection could not be restored.

Session expired

The server has moved on; the page needs a fresh start.